 Dungeon Crawl Stone Soup version 0.29.1-1-gd02db6906a (webtiles) character file.

Game seed: 198983183747681041

64 MisterFreud the Twirler (level 4, -5/33 HPs)
             Began as a Formicid Gladiator on Oct 8, 2022.
             Slain by Maurice
             ... wielding a +0 short sword
              (7 damage)
             ... on level 8 of the Dungeon.
             The game lasted 00:03:14 (2877 turns).

MisterFreud the Twirler (Formicid Gladiator)        Turns: 2877, Time: 00:03:14

Health: -5/33      AC:  0    Str: 21    XL:     4   Next: 32%
Magic:  4/4        EV: 10    Int:  7    God:
Gold:   0          SH:  0    Dex: 20    Spells: 3/3 levels left

rFire   . . .      SeeInvis .   (weapon currently unavailable)
rCold   . . .      Faith    .   (shield currently unavailable)
rNeg    . . .      Spirit   .   (body armour currently unavailable)
rPois   .          Reflect  .   (helmet unavailable)
rElec   .          Harm     .   (cloak currently unavailable)
rCorr   .          Rampage  .   (gloves currently unavailable)
Will    .....                   (boots currently unavailable)
Stlth   ++........              (no amulet)
HPRegen 0.11/turn               (ring currently unavailable)
MPRegen 0.09/turn               (ring currently unavailable)

@: bat-form, flying, held, very quick
A: fast, flying, no casting, permanent stasis, dig shafts and tunnels, tiny,
(antennae 3), four strong arms
a: no special abilities


You were on level 8 of the Dungeon.
You were a bat.
You visited 1 branch of the dungeon, and saw 7 of its levels.

Inventory:

Hand Weapons
 a - a +1 quarterstaff (melded)
Missiles
 c - a throwing net (quivered)
 d - a javelin
Armour
 b - a +0 leather armour (melded)
 i - a +0 chain mail
 l - a +0 buckler (melded)
 n - a +0 pair of gloves (melded)
 o - a +0 pair of boots (melded)
Wands
 h - a wand of mindburst (3)
Potions
 f - a potion of heal wounds
 g - a potion of flight {unknown}
 j - a potion of mutation {unknown}
 k - a potion of curing {unknown}
 p - a potion of degeneration {unknown}


   Skills:
 - Level 2.1 Fighting
 + Level 4.7 Staves
 - Level 2.0 Throwing
 - Level 2.6 Dodging
 + Level 1.2 Shields


You had 3 spell levels left.
You didn't know any spells.
Your spell library contained the following spells:

 Spells                   Type           Power      Damage    Failure   Level
 Magic Dart               Conj           0%         1d3       43%         1
 Necrotise                Necr           0%         1d4       43%         1
 Searing Ray              Conj           0%         2d4       56%         2
 Call Canine Familiar     Summ           0%         N/A       80%         3
 Gell's Gravitas          Tloc           0%         N/A       80%         3
 Inner Flame              Hex/Fire       0%         N/A       80%         3
 Lesser Beckoning         Tloc           0%         N/A       80%         3
 Portal Projectile        Hex/Tloc       0%         N/A       80%         3
 Teleport Other           Tloc           0%         N/A       80%         3
 Vampiric Draining        Necr           0%         2d6       80%         3
 Cause Fear               Hex            0%         N/A       99%         4
 Fulminant Prism          Conj/Hex       0%         3d6       99%         4
 Leda's Liquefaction      Hex/Erth       0%         N/A       99%         4
 Agony                    Necr           0%         N/A       100%        5
 Blade Hands              Tmut           0%         N/A       100%        5
 Irradiate                Conj/Tmut      0%         3d11      100%        5
 Dragon Form              Tmut           0%         N/A       100%        7
 Discord                  Hex            0%         N/A       100%        8


Dungeon Overview and Level Annotations

Branches:
Dungeon (9/15)
 Temple: D:4-7         Lair: D:8-11         Orc: D:9-12

Altars:

Shops:
D:8 (

Annotations:
D:8 Maurice


Innate Abilities, Weirdness & Mutations

You are a bat.
You are tiny and dextrous.
You move quickly.
You are flying.
Your equipment is almost entirely melded.
You are incapable of wielding weapons or throwing items.
You cannot cast spells.
You cannot be hasted, slowed, berserked, paralysed or teleported.
You can dig through walls and to a lower floor.
((You have a pair of large antennae on your head. (SInv)))
Your four strong arms can wield two-handed weapons with a shield.


Message History

Maurice casts a spell.
Maurice blinks!
Maurice zaps a wand.
You turn into a bat.
Your +1 quarterstaff melds into your body.
Your +0 pair of gloves melds into your body.
Your +0 pair of boots melds into your body.
Your +0 buckler melds into your body.
Your +0 leather armour melds into your body.
Something hits you! Something steals your ring of wizardry!
Deactivating autopickup; reactivate with Ctrl-A.
Unknown command.
Unknown command.
You hit something. Something hits you.
Something steals 2 of your 3 throwing nets!
Something hits you.
Something grunts, "Curses!"
You hit something. Something hits you.
Something mutters, "Now where did you hide it?"
Unknown command.
You barely miss something. Something hits you!
* * * LOW HITPOINT WARNING * * *
Something groans, "What are you, a monk?"
Unknown command.
Sorry, you're not good enough to have a special ability.
You feel much better. Something hits you!
Something grunts, "Curses!"
Something barely misses you.
Found a scroll labelled VUCZOOX AVAO.
A throwing net appears from out of thin air!
The throwing net hits you.
You become entangled in the net!
You see here a throwing net.
You tear a large gash into the net.
You struggle against the net.
Something hits you!
* * * LOW HITPOINT WARNING * * *
Something mutters, "Now where did you hide it?"
Something hits you!
* * * LOW HITPOINT WARNING * * *
Something grunts, "Curses!"
You struggle against the net.
Something hits you!
You die...

..# #####.#.##.#
..###.......##.#####
##....###..........###.#
#####.##.......#........
. .?##.#.#.###.#.##..#
#. ........#.# #.# #
.##.........# #.#
##..##.....# #.#
{{...#####.## #b# ..[.
... #.......# ####?####
#


There were no monsters in sight!

Vanquished Creatures
  2 adders (D:2)
  An orc (D:3)
  3 endoplasms
  2 giant cockroaches (D:2)
  3 goblins
  6 hobgoblins
  3 kobolds (D:2)
  A quokka (D:1)
  6 ball pythons
  7 bats
  3 frilled lizards
  7 rats
44 creatures vanquished.

Vanquished Creatures (others)
  2 plants (D:2)
2 creatures vanquished.

Grand Total: 46 creatures vanquished

Notes
Turn   | Place    | Note
-------+----------+-------------------------------------------
     0 | D:1      | MisterFreud the Formicid Gladiator began the quest for the
                  | Orb.
     0 | D:1      | Reached XP level 1. HP: 16/16 MP: 1/1
   136 | D:1      | Reached XP level 2. HP: 20/22 MP: 2/2
   847 | D:1      | Reached skill level 4 in Staves
   847 | D:1      | Reached XP level 3. HP: 26/27 MP: 3/3
  1697 | D:2      | Reached XP level 4. HP: 22/33 MP: 4/4
  1868 | D:2      | Reached skill level 1 in Shields
  2444 | D:3      | You fall into a shaft and drop 3 floors!
  2654 | D:5      | Entered Level 5 of the Dungeon
  2654 | D:5      | Noticed a black bear
  2655 | D:5      | Noticed an ice beast
  2662 | D:5      | You fall into a shaft and drop 3 floors!
  2826 | D:8      | Found Qenez's Antique Weapon Shop.
  2853 | D:8      | Noticed Maurice
  2877 | D:8      | Slain by Maurice

Illustrated notes

Levels and vault maps discovered:
D:1:      roderic_chinese_lattice_arrival, layout_loops_ring
D:2:      layout_loops_ring, serial_forest, infiniplex_forest_clump_medium,
          infiniplex_forest_lined_room_, infiniplex_forest_straight_2,
          infiniplex_forest_lined_3, infiniplex_forest_zigzag_2,
          infiniplex_forest_lined_room_2, infiniplex_forest_straight_3,
          infiniplex_forest_clump_tiny
D:3:      layout_loops_ring, hellmonk_ecumenical_altar_leap_of_faith,
          ebering_ghost_inner_flame
D:5:      layout_basic, lemuel_doored_altar, mainiacjoe_overflow_boulevard,
          corexii_shack, hangedman_decor_slide_cut, minmay_strange_pillars,
          uniq_sigmund, uniq_pikel
D:6:      layout_loops_ring, nicolae_tso_swordbearing_angel,
          minmay_temple_entry_poolview, uniq_maggie, uniq_edmund,
          uniq_prince_ribbit1, uniq_menkaure
D:8:      layout_loops_cross, serial_shops, nicolae_square_shop, minmay_holes,
          uniq_maurice, uniq_erica
D:9:      layout_roguey, erik_lair_island, serial_shops, nicolae_diamond_shop

Skill      XL: |  1  2  3  4 |
---------------+-------------+-----
Staves         | 4 |  4.7
Shields        | 1 |  1.2
Fighting       | |  2.1
Throwing       | |  2.0
Dodging        | |  2.6

Action                   |  1- 3 |  4- 6 || total
-------------------------+-------+-------++-------
Melee: Quarterstaff      |   115 |    24 ||   139
       Unarmed           |       |     3 ||     3
 Abil: Shaft Self        |       |     2 ||     2
Evoke: Wand              |       |     1 ||     1
  Use: Scroll            |     4 |     4 ||     8
       Potion            |       |     1 ||     1
 Stab: Sleeping          |       |     1 ||     1
Armor: Leather armour    |    47 |     4 ||    51
Dodge: Dodged            |    91 |    13 ||   104
Block: Buckler           |     3 |     5 ||     8
